 Dungeon Crawl Stone Soup version 0.12.2-9-gf1dcfd2 (webtiles) character file.

86 Kigal the Bolt Thrower (level 3, -5/29 HPs)
             Began as a Centaur Hunter on July 4, 2013.
             Killed from afar by Sigmund (7 damage)
             ... with a wand of flame
             ... while paralysed by a potion of paralysis
             ... on Level 2 of the Dungeon.
             The game lasted 00:07:14 (1136 turns).

Kigal the Bolt Thrower (Centaur Hunter)             Turns: 1136, Time: 00:07:14

HP  -5/29        AC  6     Str 14      XL: 3   Next: 32%
MP   2/2         EV  1     Int 10      God:
Gold 45          SH  0     Dex 10      Spells:  0 memorised,  2 levels left

Res.Fire  : . . .   See Invis. : .   b - +1 crossbow
Res.Cold  : . . .   Warding    : .   e - +0 scale mail
Life Prot.: . . .   Conserve   : .   (no shield)
Res.Poison: .       Res.Corr.  : .   (no helmet)
Res.Elec. : .       Clarity    : .   (no cloak)
Sust.Abil.: . .     Spirit.Shd : .   (no gloves)
Res.Mut.  : .       Stasis     : .   (no barding)
Res.Rott. : .       Ctrl.Telep.: .   (no amulet)
Saprovore : . . .   Flight     : .   (no ring)
                                     (no ring)

@: paralysed, very quick, not resistant to hostile enchantments, extremely
unstealthy
A: hooves 3, deformed body, herbivore 1, speed 2, fast metabolism 1, tough skin
3
a: no special abilities


You were on level 2 of the Dungeon.
You were hungry.

You visited 1 branch of the dungeon, and saw 2 of its levels.

You collected 25 gold pieces.

Inventory:

Hand weapons
 a - a +0,+0 short sword
 b - a +1,+1 crossbow (weapon)
Missiles
 c - 3 bolts (quivered)
 h - 19 darts
Armour
 d - a +0 leather armour
 e - a +0 scale mail (worn)
 o - a +0 elven cloak
Comestibles
 f - 2 bread rations
 j - a slice of pizza
 m - a chunk of jackal flesh
 n - a meat ration
Scrolls
 i - a scroll of fog {unknown}
 k - a scroll of blinking {unknown}
 l - a scroll of noise {unknown}
 p - a scroll of enchant weapon II {unknown}
 r - a scroll of remove curse {unknown}
Potions
 q - a potion of paralysis


   Skills:
 + Level 1.0 Fighting
 + Level 5.5 Crossbows
 + Level 0.1 Armour
 + Level 1.5 Dodging
 + Level 0.5 Stealth


You had 2 spell levels left.
You didn't know any spells.

Dungeon Overview and Level Annotations

Branches:
Dungeon (2/27)

Altars:

Annotations
D:2 Sigmund


Innate Abilities, Weirdness & Mutations

You have hooves in place of feet.
Armour fits poorly on your strangely shaped body.
You digest meat inefficiently.
You cover ground very quickly.
You have a fast metabolism.
You have extremely tough skin (AC +3).


Message History

* * * LOW HITPOINT WARNING * * *
Press: ? - help, v - describe, . - travel
Here: Sigmund, wielding a glowing scythe, wearing a robe and carrying a wand of flame {zapped: 4} (lightly wounded)
A floor.
Sigmund is nearby!
You're too confused.
You're too confused.
You're too confused.
You're too confused.
Drink which item? (? for menu, Esc to quit)
You feel better.
It was a potion of curing.
Sigmund zaps a wand.
The puff of flame hits you!
Sigmund says, "You will soon forget everything."
Sigmund zaps a wand.
The puff of flame hits you!
Your scroll labeled STRASCHU MIWKE catches fire!
* * * LOW HITPOINT WARNING * * *
Drink which item? (? for menu, Esc to quit)
You suddenly lose the ability to move!
It was a potion of paralysis.
Sigmund zaps a wand.
The puff of flame hits you!
You die...

### #.. #.# #.######
#################......##
........@................
###############.@..#(#.##
#($.....#.# #..(..###.#
...##### #.# (.... ..#
.(...## ### ####


You could see Sigmund.

Vanquished Creatures
  A giant gecko (D:1)
  3 giant cockroaches (D:1)
  A hobgoblin (D:1)
  10 jackals
  4 kobolds
  A ball python (D:1)
  6 bats
  A giant newt (D:1)
  5 goblins
  5 rats
37 creatures vanquished.

Notes
Turn   | Place    | Note
--------------------------------------------------------------
     0 | D:1      | Kigal, the Centaur Hunter, began the quest for the Orb.
     0 | D:1      | Reached XP level 1. HP: 17/17 MP: 0/0
   228 | D:1      | Reached XP level 2. HP: 24/24 MP: 1/1
   240 | D:1      | Reached skill level 5 in Crossbows
   637 | D:1      | Reached XP level 3. HP: 29/29 MP: 2/2
  1119 | D:2      | Noticed Sigmund
  1136 | D:2      | Paralysed by a potion of paralysis for 7 turns
  1136 | D:2      | Killed from afar by Sigmund

Action                   || total
-------------------------++-------
 Fire: Crossbow          ||    67
  Use: Potion            ||     2
